 Dungeon Crawl Stone Soup version 0.23.2-1-ga50397a6bc (webtiles) character file.

Game seed: 17675883721065416805

395 Andrea the Insei (level 6, 0/41 HPs)
             Began as an Octopode Transmuter on May 29, 2019.
             Slain by a water moccasin skeleton (7 damage)
             ... on level 4 of the Dungeon.
             The game lasted 00:07:46 (4458 turns).

Andrea the Insei (Octopode Transmuter)              Turns: 4458, Time: 00:07:46

Health: 0/41       AC:  2    Str: 11    XL:     6   Next: 82%
Magic:  7/10       EV: 19    Int: 16    God:
Gold:   217        SH:  0    Dex: 17    Spells: 4/10 levels left

rFire    . . .     SeeInvis .     - Unarmed
rCold    . . .     Gourm    .   (shield currently unavailable)
rNeg     . . .     Faith    .   (helmet currently unavailable)
rPois    x         Spirit   .   (no amulet)
rElec    .         Reflect  .   (no ring)
rCorr    .         Harm     .   (no ring)
MR       .....                  (no ring)
Stlth    ++........             (no ring)
HPRegen  0.13/turn              (no ring)
MPRegen  0.12/turn              (no ring)
                                (no ring)
                                (no ring)

@: spider-form, flying
A: tiny, almost no armour, stealthy swim, (amphibious), 8 rings, (constrict 8)
a: End Transformation


You were on level 4 of the Dungeon.
You were not hungry.
You were a venomous arachnid creature.
You visited 1 branch of the dungeon, and saw 4 of its levels.

You collected 217 gold pieces.

Inventory:

Hand Weapons
 j - a +0 blowgun
Missiles
 a - 70 arrows
 s - 20 poisoned needles
Jewellery
 b - an uncursed amulet of harm {unknown}
Scrolls
 e - 6 scrolls of teleportation
 f - 2 scrolls of identify {unknown}
 i - 5 scrolls of amnesia {unknown}
 k - a scroll of fog {unknown}
 l - a scroll of immolation {unknown}
 m - 3 scrolls of remove curse {unknown}
 n - a scroll of random uselessness {unknown}
 p - a scroll of magic mapping {unknown}
 t - a scroll of enchant weapon {unknown}
Potions
 d - a potion of mutation {unknown}
 g - a potion of flight
 h - a potion of curing {unknown}
 o - 2 potions of lignification {unknown}
 q - 2 potions of might {unknown}
 r - 2 potions of resistance {unknown}
 u - 2 potions of ambrosia {unknown}
 w - 2 potions of invisibility {unknown}
Comestibles
 c - 6 rations
 v - 2 chunks of flesh


   Skills:
 + Level 2.7 Fighting
 - Level 2.0 Dodging
 * Level 4.6 Unarmed Combat
 + Level 2.9 Spellcasting
 * Level 4.3 Transmutations
 - Level 2.0 Poison Magic


You had 4 spell levels left.
You knew the following spells:

 Your Spells              Type           Power        Failure   Level  Hunger
a - Beastly Appendage     Tmut           ###...       11%         1    #......
b - Sticks to Snakes      Tmut           ###.....     14%         2    ##.....
c - Spider Form           Tmut/Pois      ##........   34%         3    ###....

Your spell library contained the following spells:

 Spells                   Type           Power        Failure   Level  Hunger
 Ice Form                 Ice/Tmut       #.......     80%         4    #####..
 Blade Hands              Tmut           ###.......   83%         5    ######.


Dungeon Overview and Level Annotations

Branches:
Dungeon (4/15)
 Temple: D:4-7

Altars:
Kikubaaqudgha
Ru
Trog

Annotations:
D:4 Pikel


Innate Abilities, Weirdness & Mutations

You cannot wear most types of armour.
You are very stealthy in the water. (Stealth+)
((You are amphibious.))
You can wear up to eight rings at the same time.
((You can use your tentacles to constrict eight enemies at once.))
((Your skin changes colour to match your surroundings (Stealth+).))
((Your rubbery body absorbs attacks. (AC +1, EV +1)))


Message History

The water moccasin skeleton closely misses you.
You barely miss the water moccasin skeleton.
The water moccasin skeleton is moderately damaged.
You constrict the water moccasin skeleton.
The water moccasin skeleton bites you! x2
You tentacle-slap the water moccasin skeleton.
The water moccasin skeleton is heavily damaged.
You constrict the water moccasin skeleton.
The water moccasin skeleton bites you.
Casting: Beastly Appendage (safe; 3% risk of failure)
Confirm with . or Enter, or press ? or * to list all spells.
Your tentacle spike disappears.
You turn into a venomous arachnid creature.
You lose your grip on the water moccasin skeleton.
The water moccasin skeleton bites you!
* * * LOW HITPOINT WARNING * * *
It was a potion of flight.
You feel very buoyant.
You fly up into the air.
The water moccasin skeleton bites you!
You die...

##.####......#
♣.♣♣♣.♣♣
##...)........#
♣.♣ ♣..♣
#.............#
♣.♣ ♣♣..
#.#.#.###.#.#[##
♣.♣ ♣..
#..............#
♣♣p♣ ♣♣.
#.#.#.###.#.#..#
♣..♣ ♣.
#.#.....oo.....#
♣.♣♣ ♣♣
#.###.###Z#....#
♣.♣♣ ♣
###.###.###s##..^#
♣..♣ ♣
#................#
♣♣.♣ ♣
............###.##
♣.♣♣
#.#.##..#.......#
♣♣p♣ #
#..........# ♣♣.♣
#..#.......# ♣..♣
#..#.......# ♣.♣♣
#..#.......# ♣♣.♣
#..#.......# ♣..♣


You could see 2 orcs and a water moccasin skeleton.

Vanquished Creatures
  3 slaves
  2 orc priests
  2 iguanas (D:4)
  An orc wizard (D:4)
  Natasha (twice) (D:2)
  4 gnolls
  7 adders
  An ooze (D:1)
  3 dart slugs (D:1)
  2 leopard geckos
  14 orcs
  7 giant cockroaches
  7 hobgoblins
  4 jackals (D:2)
  7 kobolds
  2 quokkas (D:2)
  3 ball pythons
  6 frilled lizards
  7 goblins
  4 rats (D:1)
88 creatures vanquished.

Notes
Turn   | Place    | Note
-------+----------+-------------------------------------------
     0 | D:1      | Andrea the Octopode Transmuter began the quest for the Orb.
     0 | D:1      | Reached XP level 1. HP: 13/13 MP: 3/3
   119 | D:1      | Reached XP level 2. HP: 18/18 MP: 3/5
   123 | D:1      | Learned a level 2 spell: Sticks to Snakes
   699 | D:1      | Reached XP level 3. HP: 13/23 MP: 4/6
   704 | D:1      | Learned a level 3 spell: Spider Form
  1150 | D:2      | Reached skill level 1 in Poison Magic
  1236 | D:2      | Reached XP level 4. HP: 19/28 MP: 5/7
  1252 | D:2      | Found a faded altar of an unknown god.
  1573 | D:2      | Noticed Natasha
  1578 | D:2      | Killed Natasha
  1692 | D:2      | Found an ancient bone altar of Kikubaaqudgha.
  1733 | D:2      | Found a bloodstained altar of Trog.
  1757 | D:2      | Reached XP level 5. HP: 34/34 MP: 2/8
  2245 | D:2      | Noticed Natasha
  2252 | D:2      | Killed Natasha
  2671 | D:3      | Found a sacrificial altar of Ru.
  3477 | D:4      | Noticed a slave
  3478 | D:4      | Noticed a slave
  3478 | D:4      | Noticed a slave
  3483 | D:4      | Noticed Pikel
  3485 | D:4      | Noticed a slave
  3494 | D:3      | Killed a slave
  3494 | D:3      | Killed a slave
  3691 | D:4      | Reached XP level 6. HP: 35/40 MP: 5/9
  3945 | D:4      | Killed a slave
  4458 | D:4      | Slain by a water moccasin skeleton

Skill      XL: |  1  2  3  4  5  6 |
---------------+-------------------+-----
Poison Magic   | 1 2 |  2.0
Transmutations | 3 4 |  4.3
Fighting       | 2 |  2.7
Unarmed Combat | 4 |  4.6
Dodging        | |  2.0
Spellcasting   | |  2.9

Action                   |  1- 3 |  4- 6 || total
-------------------------+-------+-------++-------
Melee: Unarmed           |    73 |   148 ||   221
       Constrict         |    26 |    29 ||    55
       Kick              |    19 |    21 ||    40
       Tentacles         |     8 |     5 ||    13
       Punch             |     1 |     1 ||     2
 Fire: Blowgun           |       |     2 ||     2
 Cast: Beastly Appendage |    18 |    20 ||    38
       Spider Form       |       |    12 ||    12
  Use: Scroll            |       |     1 ||     1
       Potion            |       |     1 ||     1
 Stab: Sleeping          |     6 |     6 ||    12
  Eat: Chunk             |     1 |    12 ||    13
Armor: Skin              |     3 |     7 ||    10
Dodge: Dodged            |    40 |   104 ||   144
